 Dungeon Crawl Stone Soup version 0.21.1-1-g345015f (webtiles) character file.

1759 suicidejoker the Digger (level 9, -5/52 HPs)
             Began as a Gargoyle Earth Elementalist on Mar 23, 2018.
             Slain by an orc warrior
             ... wielding a +0 hand axe
              (15 damage)
             ... on level 6 of the Dungeon.
             The game lasted 00:19:45 (5176 turns).

suicidejoker the Digger (GrEE)                      Turns: 5176, Time: 00:19:46

Health: -5/52      AC: 15    Str: 17    XL:     9   Next: 7%
Magic:  6/14       EV: 12    Int: 18    God:
Gold:   266        SH:  4    Dex: 11    Spells: 4/15 levels left

rFire    . . .     SeeInvis .   b - +2 dagger (venom)
rCold    + . .     Gourm    .   r - +0 buckler
rNeg     + . .     Faith    .   c - +0 robe
rPois    ∞         Spirit   .   n - +0 helmet
rElec    +         Reflect  .   P - +1 cloak
rCorr    .         Harm     .   (no gloves)
MR       +....                  d - +2 pair of boots
Stlth    +++.......             (no amulet)
HPRegen  0.17/turn              D - ring of protection from cold
MPRegen  0.14/turn              G - ring of protection from magic

@: mighty, very slightly contaminated, hasted, very quick
A: negative energy resistance 1, electricity resistance, unbreathing,
petrification resistance, rot immunity, AC +6
a: no special abilities


You were on level 6 of the Dungeon.
You were not hungry.

You visited 1 branch of the dungeon, and saw 6 of its levels.

You collected 266 gold pieces.

Inventory:

Hand Weapons
 b - a +2 dagger of venom (weapon)
 i - a +0 vampiric dagger
 t - a +0 hand axe of flaming
 y - a +1 mace of crushing
 N - a +0 shortbow
 O - a +0 trident of protection
Missiles
 j - 29 bolts
 s - 72 arrows
 F - 25 sling bullets
 M - 10 stones (quivered)
Armour
 c - a +0 robe (worn)
 d - a +2 pair of boots (worn)
 n - a +0 helmet (worn)
 r - a +0 buckler (worn)
 P - a +1 cloak (worn)
Jewellery
 D - a ring of protection from cold (left hand)
 G - a ring of protection from magic (right hand)
 H - an uncursed ring of flight
Wands
 I - a wand of iceblast (5)
Scrolls
 a - 2 scrolls of remove curse
 f - a scroll of fear {unknown}
 g - a scroll of noise {unknown}
 h - 3 scrolls of fog {unknown}
 k - 6 scrolls of identify {unknown}
 v - a scroll of amnesia {unknown}
 A - a scroll of magic mapping {unknown}
 B - a scroll of enchant weapon {unknown}
 C - 2 scrolls of teleportation {unknown}
Potions
 o - a potion of degeneration {unknown}
 p - 3 potions of curing
 u - 4 potions of might
 w - a potion of heal wounds {unknown}
 z - a potion of ambrosia {unknown}
 E - a potion of cancellation {unknown}
 J - a potion of berserk rage {unknown}
 K - a potion of mutation {unknown}
 L - a potion of resistance {unknown}
Books
 e - a book of Geomancy

   Spells                             Type                      Level
   a - Sandblast                      Earth                        1
   b - Passwall                       Transmutation/Earth          2
   c - Stone Arrow                    Conjuration/Earth            3
   d - Petrify                        Transmutation/Earth          4
   e - Lee's Rapid Deconstruction     Earth                        5
 l - a book of Cantrips

   Spells                             Type                      Level
   a - Confusing Touch                Hexes                        1
   b - Animate Skeleton               Necromancy                   1
   c - Summon Small Mammal            Summoning                    1
   d - Apportation                    Translocation                1
Comestibles
 q - 10 rations


   Skills:
 + Level 4.0 Fighting
 + Level 3.0 Short Blades
 + Level 3.5 Armour
 - Level 1.5 Dodging
 * Level 6.5 Stealth
 + Level 3.7 Shields
 + Level 3.9 Spellcasting
 - Level 0.7 Transmutations
 * Level 7.7 Earth Magic


You had 4 spell levels left.
You knew the following spells:

 Your Spells              Type           Power        Failure   Level  Hunger
a - Sandblast             Erth           ####..       1%          1    None
b - Passwall              Tmut/Erth      ###.......   4%          2    ##.....
c - Stone Arrow           Conj/Erth      ###...       9%          3    ###....
d - Lee's Rapid Deconstr  Erth           ####......   17%         5    ######.


Dungeon Overview and Level Annotations

Branches:
Dungeon (6/15)
 Temple: D:4-7

Altars:
Elyvilon
Fedhas
Makhleb
Trog
Vehumet
Yredelemnul


Innate Abilities, Weirdness & Mutations

You are resistant to torment.
Your stone body is resilient. (AC +6)
You are immune to poison.
You resist negative energy. (rN+)
You are resistant to electric shocks. (rElec)
You can survive without breathing.
You are immune to petrification.
You are immune to rotting.


Message History

The orc warrior is severely wounded.
The orc warrior closely misses you. The orc misses you.
You hit the orc warrior.
The orc warrior is severely wounded.
You block the orc's attack.
You puncture the orc!
You kill the orc!
The orc warrior hits you but does no damage.
You block the orc's attack.
The centaur unwields an uncursed falchion.
The centaur wields a glowing shortbow.
The centaur shoots an arrow.
The arrow hits you but does no damage.
You hit the orc warrior.
The orc warrior looks even sicker.
The orc warrior is severely wounded.
You hit the orc warrior.
The orc warrior looks as sick as possible!
The orc warrior is almost dead.
You kill the orc!
The orc warrior hits you with a hand axe!
You die...

#............#
#.[..........# .#
#............##
#.#
######....>...##..
#...........
#.....#.).#
#....###.##
#....[#...#...
#....@[c_.....
#....o#...#...
#....###.## ####..
..# #... .[. ###.#
#### ##


You could see an orc warrior and a centaur.

Vanquished Creatures
  Pikel (D:6)
  A troll (D:6)
  A phantom (D:4)
  2 ogres (D:4)
  2 centaurs (D:5)
  A bullfrog (D:6)
  A scorpion (D:5)
  A howler monkey (D:5)
  2 hounds
  2 bullfrog skeletons
  2 jellies
  An orc wizard (D:5)
  7 worker ants
  A hound zombie (D:5)
  3 adders
  2 oozes
  An adder zombie (D:6)
  2 worms
  11 leopard geckos
  21 orcs
  4 bats
  7 giant cockroaches
  12 goblins
  7 hobgoblins
  2 jackals (D:2)
  3 quokkas
  3 frilled lizards
  2 jackal zombies (D:6)
  9 kobolds
  A quokka zombie (D:6)
  8 rats
  A spectral orc (D:5)
124 creatures vanquished.

Vanquished Creatures (others)
  A slave (D:6)
  An orc (D:5)
2 creatures vanquished.

Grand Total: 126 creatures vanquished

Notes
Turn   | Place    | Note
-------+----------+-------------------------------------------
     0 | D:1      | suicidejoker the Gargoyle Earth Elementalist began the quest for the Orb.
     0 | D:1      | Reached XP level 1. HP: 10/10 MP: 3/3
    59 | D:1      | Reached skill level 4 in Earth Magic
    59 | D:1      | Reached XP level 2. HP: 16/16 MP: 1/5
   432 | D:1      | Learned a level 2 spell: Passwall
   728 | D:1      | Reached XP level 3. HP: 20/20 MP: 4/6
   771 | D:1      | Reached skill level 1 in Fighting
  1078 | D:2      | Learned a level 3 spell: Stone Arrow
  1612 | D:2      | Found a burning altar of Makhleb.
  1769 | D:2      | Reached XP level 4. HP: 25/25 MP: 4/7
  2754 | D:4      | Reached skill level 1 in Armour
  2754 | D:4      | Reached skill level 1 in Shields
  2754 | D:4      | Reached skill level 5 in Earth Magic
  2754 | D:4      | Reached XP level 5. HP: 29/29 MP: 5/8
  2849 | D:4      | Reached skill level 1 in Short Blades
  2937 | D:4      | Noticed an ogre
  2951 | D:4      | Killed an ogre
  2951 | D:4      | Reached XP level 6. HP: 18/35 MP: 2/10
  3192 | D:4      | Found a bloodstained altar of Trog.
  3474 | D:4      | Reached XP level 7. HP: 40/40 MP: 6/11
  3958 | D:5      | Entered Level 5 of the Dungeon
  3965 | D:5      | Reached skill level 6 in Earth Magic
  4160 | D:5      | Found a blossoming altar of Fedhas.
  4166 | D:5      | Found a white marble altar of Elyvilon.
  4265 | D:5      | Reached skill level 5 in Stealth
  4268 | D:5      | Reached XP level 8. HP: 28/46 MP: 4/12
  4305 | D:5      | Learned a level 5 spell: Lee's Rapid Deconstruction
  4452 | D:5      | Found a glowing drain.
  4560 | D:5      | Found a basalt altar of Yredelemnul.
  4693 | D:6      | Noticed Pikel
  4719 | D:6      | Killed Pikel
  4719 | D:6      | Reached skill level 7 in Earth Magic
  4990 | D:6      | Noticed a troll
  5000 | D:6      | Killed a troll
  5000 | D:6      | Reached XP level 9. HP: 36/52 MP: 1/14
  5139 | D:6      | Found a radiant altar of Vehumet.
  5167 | D:6      | HP: 1/52 [orc warrior/hand axe (8)]
  5176 | D:6      | Slain by an orc warrior

Skill      XL: |  1  2  3  4  5  6  7  8  9 |
---------------+----------------------------+-----
Earth Magic    | 4 5 6 7 |  7.7
Fighting       | 1 2 3 4 |  4.0
Armour         | 1 2 3 |  3.5
Stealth        | 3 4 5 6 |  6.5
Shields        | 1 2 3 |  3.7
Short Blades   | 1 2 3 |  3.0
Spellcasting   | 3 |  3.9
Dodging        | |  1.5
Transmutations | |  0.7

Action                   |  1- 3 |  4- 6 |  7- 9 || total
-------------------------+-------+-------+-------++-------
Melee: Unarmed           |     3 |       |    13 ||    16
       Dagger            |    35 |   147 |   147 ||   329
 Cast: Sandblast         |    37 |    50 |    47 ||   134
       Stone Arrow       |     2 |     2 |     8 ||    12
       Lee's Rapid Decon |       |       |     2 ||     2
       Passwall          |       |       |     1 ||     1
Evoke: Wand              |       |     2 |     5 ||     7
  Use: Scroll            |       |       |     2 ||     2
       Potion            |       |       |     4 ||     4
 Stab: Sleeping          |     3 |     4 |     3 ||    10
  Eat: Chunk             |     4 |     7 |     5 ||    16
       Ration            |     1 |       |     1 ||     2
Armor: Robe              |     9 |    75 |   100 ||   184
       Skin              |       |       |    10 ||    10
Dodge: Dodged            |    20 |    80 |   145 ||   245
Block: Buckler           |     1 |    26 |    28 ||    55
